 Dungeon Crawl Stone Soup version 0.17.0-15-g6d90897 (webtiles) character file.

13606 xeno23 the Zephyrmancer (level 12, -6/71 HPs)
             Began as a Tengu Air Elementalist on Nov 10, 2015.
             Was a High Priest of Vehumet.
             Mangled by a blink frog (15 damage)
             ... on level 3 of the Lair of Beasts.
             The game lasted 01:18:10 (11933 turns).

xeno23 the Zephyrmancer (Tengu Air Elementalist)   Turns: 11933, Time: 01:18:10

Health: -6/71      AC: 11    Str:  9    XL:     12   Next: 7%
Magic:  0/26       EV: 16    Int: 19    God:    Vehumet [*****.]
Gold:   522        SH:  0    Dex: 16    Spells: 7 memorised, 9 levels left

rFire  . . .     SeeInvis +     e - +2 trident (venom)
rCold  . . .     Clarity  .     w - +4 leather armour "Zugupoucou" {MR+}
rNeg   . . .     SustAt   .     (no shield)
rPois  .         Gourm    .     (helmet restricted)
rElec  +         Spirit   .     H - +1 cloak
rCorr  .         Warding  .     j - +1 pair of gloves
rMut   .         Stasis   .     (boots unavailable)
MR     +....                    (no amulet)
Stlth  ++........               (no ring)
                                n - ring of Spite {+Fly rElec SInv}

@: repel missiles, somewhat resistant to hostile enchantments, unstealthy
A: beak, talons 3, able to fly 1
a: Fly, Renounce Religion, Evoke Flight


You were on level 3 of the Lair of Beasts.
You worshipped Vehumet.
Vehumet was extremely pleased with you.
You were hungry.

You visited 3 branches of the dungeon, and saw 15 of its levels.
You also visited: Sewer.

You collected 802 gold pieces.
You spent 280 gold pieces at shops.

Inventory:

Hand Weapons
 e - a +2 trident of venom (weapon)
 G - a +1 falchion of freezing
 M - a -3 blowgun
 S - a +1 falchion of flaming
Missiles
 o - 48 poisoned needles
Armour
 j - a +1 pair of gloves (worn)
 w - the +4 leather armour "Zugupoucou" (worn) {MR+}
   (You found it on level 4 of the Dungeon)

   It affects your resistance to hostile enchantments.
 H - a +1 cloak (worn)
Jewellery
 n - the ring of Spite (left hand) {+Fly rElec SInv}
   (You found it on level 1 of the Lair of Beasts)

   [ring of see invisible]

   It insulates you from electricity.
   It lets you see invisible.
   It lets you fly.
Wands
 f - a wand of random effects (21)
 v - a wand of fire (11)
 y - a wand of frost (29)
 Y - a wand of fireball (6)
Scrolls
 a - a scroll of fog
 i - a scroll of enchant weapon
 k - a scroll of vulnerability {unknown}
 p - a scroll of enchant armour
 q - 9 scrolls of magic mapping
 t - 2 scrolls of recharging
 u - a scroll of fear {unknown}
 O - a scroll of immolation {unknown}
 Q - a scroll of summoning {unknown}
 R - 3 scrolls of blinking
 V - a scroll of amnesia {unknown}
 X - a scroll of teleportation {unknown}
Potions
 d - a potion of might
 g - a potion of flight {unknown}
 l - 2 potions of brilliance
 s - 6 potions of heal wounds
 D - 2 potions of agility
 F - 2 potions of berserk rage
 I - 5 potions of curing
 J - a potion of magic
Comestibles
 b - 4 chunks of flesh
 c - a bread ration
 C - a beef jerky
 P - 12 fruits
 T - 7 slices of pizza
 U - 2 meat rations


   Skills:
 * Level 6.8 Fighting
 * Level 7.5 Dodging
 - Level 2.0 Stealth
 + Level 9.2 Spellcasting
 + Level 12.3 Conjurations
 + Level 12.7 Air Magic


You had 9 spell levels left.
You knew the following spells:

 Your Spells              Type           Power        Failure   Level  Hunger
a - Shock                 Conj/Air       ####         1%          1    None
b - Swiftness             Chrm/Air       ####....     1%          2    None
c - Airstrike             Air            ######....   1%          4    ###....
q - Static Discharge      Conj/Air       ######..     1%          3    None
r - Repel Missiles        Chrm/Air       ####..       1%          2    None
s - Mephitic Cloud        Conj/Pois/Air  #####...     1%          3    None
w - Lightning Bolt        Conj/Air       ######....   1%          5    #####..


Dungeon Overview and Level Annotations

Branches:
Dungeon (11/15)            Temple (1/1) D:6            Lair (3/8) D:10
    Orc (0/4) D:10
  Swamp: Lair:3-6    Shoals: Lair:3-6     Snake: Lair:3-6    Spider: Lair:3-6

Altars:
Ashenzari
Cheibriados
Dithmenos
Elyvilon
Fedhas
Gozag
Kikubaaqudgha
Makhleb
Nemelex Xobeh
Okawaru
Qazlal
Ru
Sif Muna
Trog
Vehumet
Xom
Yredelemnul
Zin
The Shining One

Shops:
D:6 !


Innate Abilities, Weirdness & Mutations

You have a beak for a mouth.
You have claws for feet.
You can fly.


Message History

Aim: a blink frog (heavily wounded)
You reach to attack!
You miss the blink frog.
The blink frog is heavily wounded.
You puncture the blink frog!
The blink frog is poisoned.
Your kick misses the blink frog. Your peck misses the blink frog.
The blink frog is almost dead.
The blink frog hits you!
* * * LOW HITPOINT WARNING * * *
The blink frog misses you.
You take 12 damage.
Casting: Static Discharge
Confirm with . or Enter, or press ? or * to list all spells.
Aiming: Shock
Press: ? - help, Shift-Dir - straight line, f/p - blink frog
Aim: a blink frog (almost dead, poisoned)
The blink frog momentarily phases out as the zap passes through it.
The blink frog hits you!
* * * LOW HITPOINT WARNING * * *
The blink frog hits you!
You die...

#.......
#...... .
#F.... ..
#.... ..
##...#.#
P....#
#...##
##<..P#..
#@F.......
##...##.##
....#
....#
##.....
#......
#.......
.......


You could see a blink frog and a giant frog (sleeping).

Vanquished Creatures
  A hydra (D:9)
  The ghost of emiel the Grappler, a novice MiEn of Cheibriados (D:8)
  Pikel (D:9)
  A spiny frog (Lair:2)
  A komodo dragon (Lair:2)
  5 blink frogs (Lair:1)
  A wyvern (D:8)
  A hill giant zombie (D:10)
  2 basilisks (Lair:1)
  16 yaks
  3 hippogriffs
  2 hungry ghosts
  2 wolves
  A porcupine (Lair:1)
  3 water moccasins
  2 orc warriors
  An ice beast (D:7)
  2 sky beasts
  A black bear (D:9)
  2 necrophages (D:10)
  2 phantoms
  7 centaurs
  2 ogres
  8 crocodiles
  15 big kobolds
  A wyvern zombie (D:9)
  9 giant frogs
  A scorpion (D:10)
  9 wights
  2 troll zombies (D:10)
  9 killer bees
  An electric eel (Lair:1)
  4 centaur zombies
  2 crimson imps (D:9)
  A jelly (D:5)
  A giant frog skeleton (D:10)
  7 orc priests
  Crazy Yiuf (D:5)
  3 hounds
  5 iguanas
  3 orc wizards
  5 worker ants
  2 sheep (D:9)
  5 ogre zombies (D:10)
  A hound skeleton (D:4)
  2 worker ant zombies
  7 adders
  7 gnolls
  21 river rats
  4 shadow imps
  2 oozes
  An adder skeleton (D:5)
  5 worms
  8 giant geckos
  16 orcs
  2 ball pythons
  8 giant cockroaches
  5 hobgoblins
  20 jackals
  23 kobolds
  2 quokkas
  12 bats
  6 giant newts
  7 goblins
  A goblin skeleton (D:10)
  4 goblin zombies (D:10)
  3 hobgoblin skeletons
  4 hobgoblin zombies (D:10)
  4 orc skeletons (D:10)
  9 orc zombies (D:10)
  10 rats
  A fungus (Lair:2)
349 creatures vanquished.

Vanquished Creatures (others)
  An orc wizard (D:7)
  An adder zombie (D:9)
2 creatures vanquished.

Grand Total: 351 creatures vanquished

Notes
Turn   | Place    | Note
--------------------------------------------------------------
     0 | D:1      | xeno23 the Tengu Air Elementalist began the quest for the Orb.
     0 | D:1      | Reached XP level 1. HP: 10/10 MP: 4/4
    86 | D:1      | Reached XP level 2. HP: 10/15 MP: 0/6
   446 | D:1      | Reached XP level 3. HP: 19/19 MP: 3/7
  1023 | D:2      | Found a deep blue altar of Sif Muna.
  1122 | D:2      | Reached XP level 4. HP: 24/24 MP: 0/9
  1172 | D:2      | HP: 1/24 [gnoll/spear (5)]
  1178 | D:2      | Reached skill level 5 in Air Magic
  1732 | D:2      | Found a stormy altar of Qazlal.
  2223 | D:3      | Found a faded altar to an unknown god.
  2482 | D:3      | Learned a level 3 spell: Static Discharge
  2485 | D:3      | Learned a level 2 spell: Repel Missiles
  2488 | D:3      | Learned a level 2 spell: Swiftness
  2515 | D:3      | Gained mutation: You can fly. [Tengu growth]
  2515 | D:3      | Reached XP level 5. HP: 28/28 MP: 7/11
  2647 | D:3      | Found a white marble altar of Elyvilon.
  2648 | D:3      | Found an ancient bone altar of Kikubaaqudgha.
  2847 | D:4      | Found a basalt altar of Yredelemnul.
  3006 | D:4      | Found an opulent altar of Gozag.
  3100 | D:4      | Got a spiked leather armour
  3111 | D:4      | Identified the +4 leather armour "Zugupoucou" {MR+} (You found it on level 4 of the Dungeon)
  3172 | D:4      | Reached XP level 6. HP: 32/32 MP: 8/12
  3539 | D:5      | Entered Level 5 of the Dungeon
  3566 | D:5      | Reached skill level 6 in Air Magic
  3582 | D:5      | Found an opulent altar of Gozag.
  3610 | D:5      | Reached skill level 5 in Conjurations
  3610 | D:5      | Reached XP level 7. HP: 14/36 MP: 2/14
  3749 | D:5      | Found a sacrificial altar of Ru.
  3893 | D:5      | Found a glowing drain.
  3899 | Sewer    | Entered a sewer
  4102 | D:5      | Learned a level 5 spell: Lightning Bolt
  4185 | D:5      | Noticed Crazy Yiuf
  4260 | D:5      | Killed Crazy Yiuf
  4378 | D:5      | Reached skill level 7 in Air Magic
  4392 | D:5      | Reached skill level 5 in Spellcasting
  4534 | D:5      | Found a shimmering altar of Xom.
  4759 | D:6      | Found a staircase to the Ecumenical Temple.
  4776 | Temple   | Entered the Ecumenical Temple
  4822 | Temple   | Became a worshipper of Vehumet
  5019 | D:6      | Reached XP level 8. HP: 41/41 MP: 10/16
  5195 | D:6      | Reached skill level 8 in Air Magic
  5234 | D:6      | Found Kiumpec's Distillery.
  5237 | D:6      | Bought a potion of heal wounds for 70 gold pieces
  5237 | D:6      | Bought a potion of curing for 42 gold pieces
  5237 | D:6      | Bought a potion of magic for 112 gold pieces
  5237 | D:6      | Bought a potion of curing for 42 gold pieces
  5237 | D:6      | Bought a potion of poison for 14 gold pieces
  5497 | D:7      | Found a glowing golden altar of the Shining One.
  5531 | D:7      | Reached * piety under Vehumet
  5531 | D:7      | Offered knowledge of Magic Dart by Vehumet.
  5920 | D:8      | Noticed emiel's ghost (novice MiEn)
  5961 | D:7      | Reached skill level 9 in Air Magic
  6116 | D:7      | Reached XP level 9. HP: 29/45 MP: 4/19
  6625 | D:8      | Reached skill level 10 in Air Magic
  7022 | D:8      | Reached ** piety under Vehumet
  7025 | D:8      | Offered knowledge of Sandblast by Vehumet.
  7452 | D:8      | Killed emiel's ghost
  7452 | D:8      | Reached skill level 10 in Conjurations
  7452 | D:8      | Reached skill level 11 in Air Magic
  7452 | D:8      | Reached XP level 10. HP: 30/50 MP: 3/22
  7502 | D:8      | Found a glowing silver altar of Zin.
  7744 | D:9      | Found a blossoming altar of Fedhas.
  7746 | D:9      | Noticed Pikel
  7753 | D:9      | Killed Pikel
  7753 | D:9      | Reached skill level 1 in Fighting
  7963 | D:9      | Found an iron altar of Okawaru.
  8199 | D:9      | Offered knowledge of Dazzling Spray by Vehumet.
  8230 | D:9      | Noticed a two-headed hydra
  8590 | D:9      | Killed a one-headed hydra
  8825 | D:9      | Reached XP level 11. HP: 61/61 MP: 16/24
  8838 | D:9      | Reached skill level 5 in Dodging
  8853 | D:9      | Reached skill level 12 in Air Magic
  8919 | D:10     | Entered Level 10 of the Dungeon
  8932 | D:10     | Reached *** piety under Vehumet
  9045 | D:10     | Found a staircase to the Orcish Mines.
  9181 | D:10     | Offered knowledge of Airstrike by Vehumet.
  9228 | D:10     | Learned a level 4 spell: Airstrike
  9688 | D:10     | Reached **** piety under Vehumet
  9812 | D:10     | Reached skill level 5 in Fighting
  9834 | D:10     | Found a staircase to the Lair.
 10021 | D:10     | Offered knowledge of Mephitic Cloud by Vehumet.
 10190 | Lair:1   | Entered Level 1 of the Lair of Beasts
 10207 | Lair:1   | Learned a level 3 spell: Mephitic Cloud
 11025 | Lair:1   | Got a flickering glass ring
 11026 | Lair:1   | Identified the ring of Spite {+Fly rElec SInv} (You found it on level 1 of the Lair of Beasts)
 11546 | Lair:2   | Noticed a six-headed hydra
 11854 | Lair:2   | Reached XP level 12. HP: 52/71 MP: 15/26
 11856 | Lair:2   | Reached ***** piety under Vehumet
 11862 | Lair:2   | Offered knowledge of Irradiate by Vehumet.
 11933 | Lair:3   | Mangled by a blink frog

Action                   |  1- 3 |  4- 6 |  7- 9 | 10-12 || total
-------------------------+-------+-------+-------+-------++-------
Melee: Dagger            |    38 |    24 |    58 |       ||   120
       Falchion          |       |       |     2 |    10 ||    12
       Trident           |       |       |    20 |   193 ||   213
 Fire: Blowgun           |       |       |       |    26 ||    26
 Cast: Shock             |    41 |    83 |   189 |   172 ||   485
       Repel Missiles    |       |     1 |     1 |     1 ||     3
       Static Discharge  |       |     6 |    37 |    83 ||   126
       Lightning Bolt    |       |       |     6 |    42 ||    48
       Mephitic Cloud    |       |       |       |    12 ||    12
       Airstrike         |       |       |       |     3 ||     3
 Abil: Fly               |       |       |     4 |     4 ||     8
Evoke: Wand              |       |       |     5 |     1 ||     6
  Use: Scroll            |       |       |     8 |    12 ||    20
       Potion            |       |       |       |     1 ||     1
 Stab: Sleeping          |     2 |     1 |     1 |     1 ||     5
       Distracted        |       |       |     1 |       ||     1
       Confused          |       |       |       |     9 ||     9
  Eat: Chunk             |     1 |     8 |    11 |    11 ||    31
       Bread ration      |       |       |     1 |     3 ||     4
       Beef jerky        |       |       |       |     1 ||     1
